 Dungeon Crawl Stone Soup version 0.30-a0-718-geaa24f58ff (webtiles) character file.

Game seed: 16691391495946675438

280 mandarbmax the Grave Robber (level 6, -2/44 HPs)
             Began as a Demonspawn Reaver on Jan 26, 2023.
             Slain by a black bear (3 damage)
             ... on level 3 of the Dungeon.
             The game lasted 00:10:17 (2811 turns).

mandarbmax the Grave Robber (Demonspawn Reaver)     Turns: 2811, Time: 00:10:17

Health: -2/44      AC:  3    Str: 12    XL:     6   Next: 5%
Magic:  4/9        EV: 11    Int: 15    God:
Gold:   121        SH:  4    Dex: 13    Spells: 6/9 levels left

rFire   + . .      SeeInvis .    a - +0 mace
rCold   + . .      Faith    .    h - +0 buckler
rNeg    . . .      Spirit   .    n - +0 toga "Victory" {*Victory Clar}
rPois   .          Reflect  .    (no helmet)
rElec   .          Harm     .    g - scarf {rC+ rF+}
rCorr   .          Rampage  .    (no gloves)
Will    .....      Clarity  +    m - +0 pair of boots
Stlth   +                        e - amulet of the acrobat
HPRegen 0.27/turn                (no ring)
MPRegen 0.22/turn                (no ring)

@: no status effects
A: claws 1, magic regeneration, demonic magic 2
a: no special abilities


You were on level 3 of the Dungeon.
You visited 1 branch of the dungeon, and saw 3 of its levels.

You collected 121 gold pieces.

Inventory:

Hand Weapons
 a - a +0 mace (weapon)
Armour
 g - a scarf of resistance (worn)
 h - a +0 buckler (worn)
 m - a +0 pair of boots (worn)
 n - the +0 toga "Victory" (worn) {*Victory Clar}
   (You found it on level 3 of the Dungeon)

   *Victory:  When the wearer kills a threatening monster, it has a chance to
   gain +1 AC, +1 Slay, and +1 Int, capping at +7.
   When the wearer uses a scroll or a potion with a hostile monster in sight,
   its bonuses reset to +0.
   Unequipping it also resets its bonuses to +0.
   Clar:      It protects you against confusion.
Jewellery
 e - an amulet of the acrobat (around neck)
Scrolls
 d - 3 scrolls of identify {unknown}
 f - a scroll of torment {unknown}
 k - a scroll of magic mapping {unknown}
Potions
 c - 3 potions of cancellation {unknown}
 i - a potion of heal wounds {unknown}
 j - a potion of haste {unknown}
 l - a potion of invisibility {unknown}


   Skills:
 - Level 2.0 Fighting
 - Level 3.0 Maces & Flails
 - Level 2.0 Dodging
 + Level 3.2 Shields
 - Level 2.0 Spellcasting
 - Level 3.0 Conjurations
 + Level 4.7 Necromancy


You had 6 spell levels left.
You knew the following spells:

 Your Spells              Type           Power      Damage    Failure   Level
a - Kiss of Death         Conj/Necr      52%        2d9       6%          1
b - Necrotise             Necr           60%        1d7       4%          1
c - Summon Small Mammal   Summ           4%         N/A       28%         1

Your spell library contained the following spells:

 Spells                   Type           Power      Damage    Failure   Level
 Momentum Strike          Conj/Tloc      12%        3d8       24%         2
 Apportation              Tloc           2%         N/A       28%         1
 Hailstorm                Conj/Ice       6%         3d4       43%         3


Dungeon Overview and Level Annotations

Branches:
Dungeon (3/15)

Altars:


Innate Abilities, Weirdness & Mutations

You have sharp fingernails.
You regenerate magic rapidly.
Spells you cast may paralyse nearby enemies.


Message History

The orc attacks as you move away! The orc completely misses you.
The orc writhes in agony!
Malevolent energies surge around you.
The orc suddenly stops moving! x2
The helpless orc fails to defend itself.
You hit the orc but do no damage.
The orc is almost dead.
The helpless orc fails to defend itself.
You hit the orc.
You kill the orc!
The orc is no longer paralysed.
The black bear bites you. The black bear closely misses you.
The black bear claws you but does no damage.
The black bear writhes in agony!
Malevolent energies surge around you.
The orc suddenly stops moving!
The black bear bites you! You block the black bear's attack.
The black bear closely misses you.
The black bear writhes in agony.
Malevolent energies surge around you.
The black bear closely misses you. x2; The black bear claws you.
The black bear writhes in agony!
Malevolent energies surge around you.
The black bear suddenly stops moving!
The orc priest invokes the aid of Beogh against you.
Beogh smites you!
The helpless black bear fails to defend itself.
You hit the black bear.
The black bear is severely wounded.
The helpless black bear fails to defend itself.
You hit the black bear.
The black bear is severely wounded.
The helpless black bear fails to defend itself.
You hit the black bear.
The black bear is almost dead.
The helpless black bear fails to defend itself.
You hit the black bear but do no damage.
The black bear is almost dead.
The black bear is no longer paralysed.
The black bear goes berserk!
The black bear bites you!
* * * LOW HITPOINT WARNING * * *
The black bear claws you.
* * * LOW HITPOINT WARNING * * *
The black bear claws you.
You die...

.... #..# #..## ##
#...# .. #.#.# ..
#.#.# .# ## #...#
.# ...
##.#.##)###...
##.###@#.S....#
##.## ##h##.#
###.## ##oo.#
#....## ##.B)....#
#.#.#.###.#####.##
#.#.##.#..# #
..#.###.>.#
###...##...#
.......<.#


You could see a black bear (berserk), an orc priest, an orc (paralysed) and a
giant cockroach.

Vanquished Creatures
  An orc wizard (D:3)
  2 adders (D:2)
  3 dart slugs
  6 orcs (D:3)
  4 ball pythons
  7 bats
  6 endoplasms
  A giant cockroach (D:1)
  5 goblins
  6 hobgoblins
  4 quokkas (D:1)
  5 frilled lizards
  2 kobolds (D:2)
  12 rats
64 creatures vanquished.

Vanquished Creatures (collateral kills)
  Sigmund (D:2)
  A hobgoblin (D:2)
  A frilled lizard (D:2)
3 creatures vanquished.

Grand Total: 67 creatures vanquished

Notes
Turn   | Place    | Note
-------+----------+-------------------------------------------
     0 | D:1      | mandarbmax the Demonspawn Reaver began the quest for the
                  | Orb.
     0 | D:1      | Reached XP level 1. HP: 16/16 MP: 3/3
    46 | D:1      | Learned a level 1 spell: Necrotise
    48 | D:1      | Learned a level 1 spell: Summon Small Mammal
   220 | D:1      | Gained mutation: Spells you cast may paralyse adjacent
                  | enemies. [demonic ancestry]
   220 | D:1      | Reached XP level 2. HP: 18/22 MP: 0/5
   310 | D:1      | Reached skill level 1 in Necromancy
   792 | D:1      | Reached skill level 2 in Necromancy
  1271 | D:2      | Gained mutation: Spells you cast may paralyse nearby
                  | enemies. [demonic ancestry]
  1271 | D:2      | Reached XP level 3. HP: 27/27 MP: 4/6
  1318 | D:2      | Noticed Sigmund
  1481 | D:2      | Killed Sigmund
  1482 | D:2      | Reached skill level 4 in Necromancy
  1482 | D:2      | Reached XP level 4. HP: 18/33 MP: 0/7
  1482 | D:2      | Gained mutation: You have sharp fingernails. [demonic
                  | ancestry]
  1482 | D:2      | Reached XP level 5. HP: 21/38 MP: 0/8
  2609 | D:3      | Gained mutation: You regenerate magic rapidly. [demonic
                  | ancestry]
  2609 | D:3      | Reached XP level 6. HP: 44/44 MP: 0/9
  2688 | D:3      | Found the +0 toga "Victory" {*Victory Clar}
  2811 | D:3      | HP: 1/44 [black bear (6)]
  2811 | D:3      | Slain by a black bear

Illustrated notes

Levels and vault maps discovered:
D:1:      dpeg_arrival_pits, layout_loops_cross
D:2:      minmay_diamond_boxcup, layout_loops_ring, uniq_sigmund
D:3:      layout_loops_ring

Skill      XL: |  1  2  3  4  5 |
---------------+----------------+-----
Dodging        | 2 |  2.0
Maces & Flails | 3 |  3.0
Necromancy     | 2 4 |  4.7
Shields        | 2 3 |  3.2
Fighting       | |  2.0
Spellcasting   | |  2.0
Conjurations   | |  3.0

Action                     |  1- 3 |  4- 6 || total
---------------------------+-------+-------++-------
  Melee: Mace              |    41 |    19 ||    60
   Cast: Necrotise         |    57 |    66 ||   123
         Summon Small Mamm |     4 |     1 ||     5
         Kiss of Death     |     1 |       ||     1
   Stab: Paralysed         |     4 |     8 ||    12
 Armour: Leather armour    |    12 |     2 ||    14
         Robe              |       |     5 ||     5
  Dodge: Dodged            |    33 |    20 ||    53
  Block: Buckler           |     1 |     5 ||     6

Table legend: (Time is in decaauts)
 A = Elapsed time spent in this place.
 B = Non-inter-level travel time spent in this place.
 C = Inter-level travel time spent in this place.
 D = Time resting spent in this place.
 E = Time spent auto-exploring this place.
 F = Levels seen in this place.
 G = Mean time per level.
                   A        B        C        D        E       F      G
               +--------+--------+--------+--------+--------+-----+--------+
         Total |   2826 |   2691 |    135 |     16 |   2234 |   3 |  942.0 |
       Dungeon |   2826 |   2691 |    135 |     16 |   2234 |   3 |  942.0 |
               +--------+--------+--------+--------+--------+-----+--------+

Top non-repeatable levels by time:
     D:1: 1327 daAuts
     D:2: 1269 daAuts
     D:3: 229 daAuts
